 Dungeon Crawl Stone Soup version 0.21-a0-278-ga722497 (webtiles) character file.

613 tidbits the Insei (level 7, -1/52 HPs)
             Began as a Demigod Transmuter on Sept 21, 2017.
             Slain by a mummy (12 damage)
             ... in an ossuary.
             The game lasted 00:09:18 (1075 turns).

tidbits the Insei (Demigod Transmuter)              Turns: 1075, Time: 00:09:19

Health: -1/52      AC:  2    Str: 13    XL:     7   Next: 0%
Magic:  9/13       EV: 20    Int: 21    God:
Gold:   36         SH:  0    Dex: 21    Spells: 4/10 levels left

rFire    . . .     SeeInvis .     - Unarmed
rCold    . . .     Gourm    .   (shield currently unavailable)
rNeg     . . .     Faith    .   (armour currently unavailable)
rPois    x         Spirit   .   (helmet currently unavailable)
rElec    .         Reflect  .   (cloak currently unavailable)
rCorr    .         Harm     .   (gloves currently unavailable)
MR       .....                  (boots currently unavailable)
Stlth    ++........             (no amulet)
HPRegen  0.17/turn              (no ring)
MPRegen  0.13/turn              (no ring)

@: spider-form (expiring)
A: high mp 1
a: End Transformation


You were in an ossuary.
You were not hungry.
You were a venomous arachnid creature.
You visited 1 branch of the dungeon, and saw 4 of its levels.
You also visited: Ossuary.

You collected 36 gold pieces.

Inventory:

Hand Weapons
 b - a +0 hunting sling
Missiles
 a - an arrow
 l - 4 javelins of returning
 m - a javelin (quivered)
 o - 18 stones
 p - 13 sling bullets
Armour
 u - a +2 leather armour of positive energy
   (You found it on level 4 of the Dungeon)
 B - a +0 robe (melded)
 E - a +0 helmet (melded)
Wands
 i - a wand of polymorph (15/24)
Scrolls
 g - a scroll of remove curse {unknown}
 h - a scroll of magic mapping {unknown}
 q - a scroll of blinking {unknown}
 w - a scroll of fog {unknown}
Potions
 r - a potion of resistance
 s - a potion of magic
Books
 c - a book of Changes

   Spells                             Type                      Level
   a - Beastly Appendage              Transmutation                1
   b - Sticks to Snakes               Transmutation                2
   c - Spider Form                    Transmutation/Poison         3
   d - Ice Form                       Ice/Transmutation            4
   e - Blade Hands                    Transmutation                5
Comestibles
 d - 2 bread rations
 t - a meat ration
 v - 2 chunks of flesh


   Skills:
 + Level 1.6 Fighting
 + Level 2.1 Dodging
 + Level 6.1 Unarmed Combat
 - Level 2.1 Spellcasting
 - Level 4.1 Transmutations


You had 4 spell levels left.
You knew the following spells:

 Your Spells              Type           Power        Failure   Level  Hunger
e - Beastly Appendage     Tmut           ###...       10%         1    #......
k - Sticks to Snakes      Tmut           ###.....     13%         2    ##.....
p - Spider Form           Tmut/Pois      ##........   38%         3    ###....


Dungeon Overview and Level Annotations

Branches:
Dungeon (4/15)
 Temple: D:4-7


Innate Abilities, Weirdness & Mutations

You have an increased reservoir of magic. (+10% MP)


Message History

m - 2 javelins (gained 1)
A mummy comes into view.
You see here a javelin.
m - 3 javelins (gained 1)
You feel a little less agile now.
You see here a javelin.
m - 4 javelins (gained 1) Throwing (i - inventory. (,) - cycle):
m - 4 javelins (quivered)
Press: ? - help, Shift-Dir - straight line, f - mummy
Aim: a mummy You throw a javelin.
The javelin hits the mummy!
The mummy is heavily damaged.
Throwing (i - inventory. (,) - cycle):
m - 3 javelins (quivered)
Press: ? - help, Shift-Dir - straight line, f/p - mummy
Aim: a mummy (heavily damaged)
You throw a javelin. The javelin barely misses the mummy.
Throwing (i - inventory. (,) - cycle):
m - 2 javelins (quivered)
Press: ? - help, Shift-Dir - straight line, f/p - mummy
Aim: a mummy (heavily damaged)
You throw a javelin. The javelin hits the mummy.
The mummy is severely damaged.
Throwing (i - inventory. (,) - cycle):
m - a javelin (quivered)
Press: ? - help, Shift-Dir - straight line, f/p - mummy
Aim: a mummy (severely damaged)
You throw a javelin.
The javelin completely misses the mummy.
Throwing (i - inventory. (,) - cycle):
l - 4 javelins of returning (quivered)
Press: ? - help, Shift-Dir - straight line, f/p - mummy
Aim: a mummy (severely damaged)
You throw a javelin of returning.
The javelin of returning hits the mummy!
You destroy the mummy!
You have reached level 7!
The javelin of returning fails to return to your pack!
l - 4 javelins of returning (gained 1)
m - a javelin
m - 2 javelins (gained 1)
m - 3 javelins (gained 1)
m - 4 javelins (gained 1)
m - 5 javelins (gained 1)
A mummy comes into view.
Throwing (i - inventory. (,) - cycle):
m - 5 javelins (quivered)
Press: ? - help, Shift-Dir - straight line, f - mummy
Aim: a mummy You throw a javelin.
The javelin completely misses the mummy.
Some of the chunks of flesh in your inventory have rotted away.
m - 5 javelins (gained 1) Throwing (i - inventory. (,) - cycle):
m - 5 javelins (quivered)
Press: ? - help, Shift-Dir - straight line, f/p - mummy
Aim: a mummy You throw a javelin.
The javelin hits the mummy.
The mummy is moderately damaged.
Throwing (i - inventory. (,) - cycle):
m - 4 javelins (quivered)
Press: ? - help, Shift-Dir - straight line, f/p - mummy
Aim: a mummy (moderately damaged)
You throw a javelin. The javelin hits the mummy!
The mummy is severely damaged.
Throwing (i - inventory. (,) - cycle):
m - 3 javelins (quivered)
Press: ? - help, Shift-Dir - straight line, f/p - mummy
Aim: a mummy (severely damaged)
You throw a javelin. The javelin barely misses the mummy.
Throwing (i - inventory. (,) - cycle):
m - 2 javelins (quivered)
Press: ? - help, Shift-Dir - straight line, f/p - mummy
Aim: a mummy (severely damaged)
You throw a javelin. The javelin barely misses the mummy.
A mummy comes into view.
Casting: Spider Form
Confirm with . or Enter, or press ? or * to list all spells.
You turn into a venomous arachnid creature.
Your +0 helmet melds into your body.
Your +0 robe melds into your body.
You hit the mummy but do no damage.
The mummy is severely damaged.
The mummy hits you!
* * * LOW HITPOINT WARNING * * *
You barely miss the mummy.
The mummy is severely damaged.
You hit the mummy but do no damage.
The mummy is severely damaged.
The mummy misses you.
Casting: Spider Form
Confirm with . or Enter, or press ? or * to list all spells.
You create a snake!
You now have 1 arrow.
The mummy hits you!
* * * LOW HITPOINT WARNING * * *
Your ball python bites the mummy but does no damage.
Your ball python grabs the mummy.
Your ball python constricts the mummy.
The mummy barely misses your ball python.
Your ball python bites the mummy.
Your ball python constricts the mummy.
A mummy comes into view.
Your ball python bites the mummy but does no damage.
Your ball python constricts the mummy.
The mummy hits your ball python.
You feel better.
Your ball python bites the mummy but does no damage.
Your ball python constricts the mummy.
Your ball python bites the mummy.
Your ball python constricts the mummy.
The mummy hits your ball python!
Your ball python dies!
Your transformation is almost over.
Okay, then.
The mummy hits you!
You die...

##########
##.........
##......#### ..
#...s..##..## .(..
#....M##....##(...
#............(....
##....M.....(.....
##.....M..(.....
#+##........##+
##......##
##....## #....#


You could see 3 mummies.

Vanquished Creatures
  Grinder (D:4)
  Menkaure (D:4)
  A crimson imp (D:2)
  3 orc wizards
  A centaur skeleton (D:4)
  An iguana (D:4)
  2 big kobold zombies (Ossuary)
  5 mummies (Ossuary)
  An adder (D:2)
  An adder skeleton (D:4)
  A dart slug (D:1)
  3 leopard geckos
  3 orcs
  5 bats (D:1)
  A giant cockroach (D:1)
  A gnoll zombie (Ossuary)
  4 goblins
  3 hobgoblins (D:1)
  A ball python (D:1)
  3 frilled lizards
  2 hobgoblin zombies (Ossuary)
  3 kobolds (D:1)
  2 kobold zombies (Ossuary)
  A quokka skeleton (D:4)
  5 rats
55 creatures vanquished.

Vanquished Creatures (collateral kills)
  An orc (D:2)
  A kobold zombie (Ossuary)
2 creatures vanquished.

Grand Total: 57 creatures vanquished

Notes
Turn   | Place    | Note
-------+----------+-------------------------------------------
     0 | D:1      | tidbits the Demigod Transmuter began the quest for the Orb.
     0 | D:1      | Reached XP level 1. HP: 15/15 MP: 5/5
   136 | D:1      | Reached skill level 2 in Transmutations
   153 | D:1      | Reached skill level 3 in Unarmed Combat
   153 | D:1      | Reached XP level 2. HP: 19/22 MP: 5/7
   157 | D:1      | Learned a level 2 spell: Sticks to Snakes
   377 | D:1      | HP: 2/22 [bat (1)]
   437 | D:1      | Reached XP level 3. HP: 8/27 MP: 8/8
   485 | D:2      | Found a hide-covered altar of Uskayaw.
   497 | D:2      | Found a burning altar of Makhleb.
   519 | D:2      | Reached skill level 2 in Spellcasting
   525 | D:2      | Learned a level 3 spell: Spider Form
   576 | D:2      | Reached skill level 4 in Unarmed Combat
   576 | D:2      | Reached XP level 4. HP: 15/34 MP: 3/9
   714 | D:4      | Noticed Grinder
   726 | D:4      | Killed Grinder
   726 | D:4      | Reached skill level 5 in Unarmed Combat
   726 | D:4      | Reached skill level 3 in Transmutations
   726 | D:4      | Reached XP level 5. HP: 24/39 MP: 3/10
   821 | D:4      | Reached XP level 6. HP: 39/46 MP: 7/12
   844 | D:4      | Found a sand-covered staircase.
   853 | D:4      | Noticed Menkaure
   868 | D:4      | Killed Menkaure
   868 | D:4      | Reached skill level 4 in Transmutations
   881 | D:4      | Reached skill level 6 in Unarmed Combat
   907 | Ossuary  | Entered an ossuary
   953 | Ossuary  | Reached skill level 1 in Fighting
   987 | Ossuary  | Reached skill level 2 in Dodging
  1037 | Ossuary  | Reached XP level 7. HP: 25/52 MP: 8/13
  1066 | Ossuary  | HP: 4/52 [mummy (17)]
  1075 | Ossuary  | Slain by a mummy

Vault maps used:
D:1:      tarquinn_simple_flora_water_f
D:2:      makhleb_grotto_becter, old_standard_altar, trog_hazing_becter
D:3:      uniq_natasha
D:4:      first_bread, enter_ossuary_2, uniq_blork_the_orc, uniq_ijyb,
          uniq_menkaure, uniq_grinder
Ossuary:  ossuary_tomb_3

Skill      XL: |  1  2  3  4  5  6 |
---------------+-------------------+-----
Transmutations | 2 3 4 |  4.1
Unarmed Combat | 3 4 5 6 |  6.1
Spellcasting   | 2 |  2.1
Fighting       | 1 |  1.6
Dodging        | 2 |  2.1

Action                   |  1- 3 |  4- 6 |  7- 9 || total
-------------------------+-------+-------+-------++-------
Melee: Unarmed           |    68 |    91 |     3 ||   162
       Headbutt          |     6 |       |       ||     6
       Kick              |     3 |       |       ||     3
       Punch             |     1 |     1 |       ||     2
Throw: Javelin           |     9 |    19 |     5 ||    33
 Cast: Beastly Appendage |    13 |       |       ||    13
       Sticks to Snakes  |     4 |     6 |     1 ||    11
       Spider Form       |     1 |    13 |     1 ||    15
 Abil: End Transformatio |       |     2 |       ||     2
  Use: Potion            |       |     4 |     1 ||     5
       Scroll            |       |     4 |       ||     4
 Stab: Sleeping          |     3 |     1 |       ||     4
  Eat: Chunk             |       |     3 |       ||     3
Armor: Robe              |    10 |       |       ||    10
       Skin              |       |     6 |       ||     6
Dodge: Dodged            |    33 |    53 |     1 ||    87

Table legend:
 A = Spawn XP
 B = Non-spawn XP
 C = Spawn XP percentage of total XP
 D = Spawn monster count
 E = Non-spawn monster count
 F = Spawn count percentage of total count
 G = Total turns spent on level
                    A         B        C        D         E        F      G
               +---------+---------+-------+---------+---------+-------+---------
         Total |       0 |     876 |   0.0 |       0 |      57 |   0.0 |  1075
               +---------+---------+-------+---------+---------+-------+---------
           D:1 |       0 |      36 |   0.0 |       0 |      21 |   0.0 |   452
           D:2 |       0 |      96 |   0.0 |       0 |       7 |   0.0 |   163
           D:3 |       0 |       7 |   0.0 |       0 |       5 |   0.0 |    32
           D:4 |       0 |     597 |   0.0 |       0 |      11 |   0.0 |   260
       Ossuary |       0 |     140 |   0.0 |       0 |      13 |   0.0 |   168
               +---------+---------+-------+---------+---------+-------+---------

Table legend:
 A = Turns spent in this place as a percentage of turns spent in the entire game.
 B = Non-inter-level travel turns spent in this place as a percentage of non-inter-level travel turns spent in the entire game.
 C = Inter-level travel turns spent in this place as a percentage of turns spent in this place.
 D = Turns resting spent in this place as a percentage of non-inter-level travel turns spent in this place.
 E = Turns spent auto-exploring this place as a percentage of non-inter-level travel turns spent in this place.
 F = Non-inter-level travel turns spent in this place divided by the number of levels of this place that you've seen.
                   A       B       C       D       E      F
               +-------+-------+-------+-------+-------+----------------------
         Total | 100.0 | 100.0 |   3.8 |   0.0 |   0.0 | 206.8
       Dungeon |  84.4 |  83.8 |   4.5 |   0.0 |   0.0 | 216.5
       Ossuary |  15.6 |  16.2 |   0.0 |   0.0 |   0.0 | 168.0
               +-------+-------+-------+-------+-------+----------------------

Table legend:
 A = Kills in this place as a percentage of kills in entire the game.
 B = Kills by you in this place as a percentage of kills by you in the entire game.
 C = Kills by friends in this place as a percentage of kills by friends in the entire game.
 D = Other kills in this place as a percentage of other kills in the entire game.
 E = Experience gained in this place as a percentage of experience gained in the entire game.
 F = Experience gained in this place divided by the number of levels of this place that you have seen.
                   A       B       C       D       E      F
               +-------+-------+-------+-------+-------+----------------------
         Total | 100.0 | 100.0 | 100.0 |   N/A | 100.0 | 175.2
       Dungeon |  77.2 |  78.2 |  50.0 |   N/A |  84.0 | 184.0
       Ossuary |  22.8 |  21.8 |  50.0 |   N/A |  16.0 | 140.0
               +-------+-------+-------+-------+-------+----------------------

Vault maps used:
D:1:      tarquinn_simple_flora_water_f
D:2:      makhleb_grotto_becter, old_standard_altar, trog_hazing_becter
D:3:      uniq_natasha
D:4:      first_bread, enter_ossuary_2, uniq_blork_the_orc, uniq_ijyb,
          uniq_menkaure, uniq_grinder
Ossuary:  ossuary_tomb_3
